 Dungeon Crawl Stone Soup version 0.17.0-28-g6e173f8 (webtiles) character file.

2615 zero the Cleaver (level 9, -6/70 HPs)
             Began as a Minotaur Berserker on Nov 26, 2015.
             Was an Elder of Trog.
             Killed from afar by an orc warrior (13 damage)
             ... with a wand of lightning
             ... on level 8 of the Dungeon.
             The game lasted 00:07:35 (5834 turns).

zero the Cleaver (Minotaur Berserker)               Turns: 5834, Time: 00:07:35

Health: -6/70      AC: 14    Str: 25    XL:     9   Next: 34%
Magic:  8/8        EV:  4    Int:  4    God:    Trog [****..]
Gold:   332        SH:  7    Dex: 10    Spells: 0 memorised, 8 levels left

rFire  . . .     SeeInvis .     H - +0 war axe
rCold  . . .     Clarity  .     s - +0 plate armour
rNeg   . . .     SustAt   .     p - +0 shield
rPois  +         Gourm    +     (helmet restricted)
rElec  .         Spirit   .     v - +0 cloak
rCorr  .         Warding  .     k - +1 pair of gloves
rMut   .         Stasis   .     (no boots)
MR     .....                    h - amulet of the gourmand
Stlth  ..........               E - ring of poison resistance
                                F - ring of stealth

@: not resistant to hostile enchantments, extremely unstealthy
A: retaliatory headbutt, horns 2
a: Berserk, Trog's Hand, Brothers in Arms, Burn Spellbooks, Renounce Religion


You were on level 8 of the Dungeon.
You worshipped Trog.
Trog was greatly pleased with you.
You were not hungry.

You visited 1 branch of the dungeon, and saw 8 of its levels.

You collected 332 gold pieces.

Inventory:

Hand Weapons
 H - a +0 war axe (weapon)
Armour
 k - a +1 pair of gloves (worn)
 p - a +0 shield (worn)
 s - a +0 plate armour (worn)
 v - a +0 cloak (worn)
Jewellery
 h - an amulet of the gourmand (around neck)
 E - a ring of poison resistance (right hand)
 F - a ring of stealth (left hand)
 K - a +3 ring of intelligence {unknown}
Wands
 o - a wand of enslavement (9)
 y - a wand of flame (36)
 A - a wand of digging (24)
 C - a wand of disintegration (10)
 D - a wand of cold (9)
 I - a wand of digging (8)
Scrolls
 a - a scroll of enchant weapon {unknown}
 d - a scroll of blinking
 e - 7 scrolls of identify
 f - 3 scrolls of teleportation
 i - 5 scrolls of remove curse
 n - 3 scrolls of summoning {unknown}
 J - a scroll of vulnerability {unknown}
Potions
 g - 2 potions of beneficial mutation {unknown}
 j - 3 potions of brilliance {unknown}
 l - a potion of cancellation {unknown}
 m - a potion of agility {unknown}
 r - 4 potions of lignification {unknown}
 t - 5 potions of curing {unknown}
 u - 2 potions of degeneration {unknown}
 x - a potion of flight {unknown}
 z - 2 potions of haste {unknown}
Comestibles
 b - 4 beef jerkies
 c - 4 bread rations
 q - a slice of pizza
 w - 2 meat rations
 B - 2 royal jellies


   Skills:
 - Level 3.6 Fighting
 + Level 14.8 Axes
 - Level 2.4 Armour
 - Level 2.1 Dodging


You had 8 spell levels left.
You didn't know any spells.

Dungeon Overview and Level Annotations

Branches:
Dungeon (8/15)             Temple (0/1) D:6
   Lair: D:8-11

Altars:
Dithmenos
Fedhas
Xom

Shops:
D:4 !

Annotations:
D:5 exclusion: oklob plant


Innate Abilities, Weirdness & Mutations

You reflexively headbutt those who attack you in melee.
You have a pair of horns on your head.


Message History

The bolt of lightning hits the giant frog skeleton.
The bolt of lightning hits you!
You closely miss the hungry ghost.
The hungry ghost is lightly damaged.
You hit the giant frog skeleton. The giant frog skeleton hits you.
The hungry ghost hits you.
You are starving!
You closely miss the hungry ghost.
The hungry ghost is lightly damaged.
You hit the giant frog skeleton.
You destroy the giant frog skeleton!
The hungry ghost hits you.
You feel somewhat more hungry.
Eat which item? (? for menu, Esc to quit)
You block the hungry ghost's attack.
The orc warrior zaps a wand.
The bolt of lightning hits you! x2
* * * LOW HITPOINT WARNING * * *
You continue eating.
The hungry ghost hits you.
You feel a lot more hungry.
The orc warrior zaps a wand.
The bolt of lightning hits you!
You die...

#.###.o ##..#..
...#o# #.... ##...##
#.....####
#.W)#....# #@.# #.#
##.###.# ).#
#...#.## #..# #.#
#####....#####..#
..........#......#.#
#.#######......#...#
#.# ####.......##
#.# ####)#.<....###
####.#
####....#...#.....


You could see a hungry ghost and 2 orc warriors.

Vanquished Creatures
  Grinder (D:3)
  Sigmund (D:5)
  Edmund (D:5)
  An ice beast (D:5)
  A necrophage (D:3)
  2 sky beasts (D:6)
  3 ogres
  2 centaurs
  2 phantoms
  2 giant frogs
  3 scorpions
  3 killer bees (D:7)
  The ghost of M4edhros the Sneak, a weakling OpWn (D:3)
  6 crimson imps
  A jelly (D:6)
  A giant frog skeleton (D:8)
  An iguana (D:5)
  7 worker ants
  Terence (D:3)
  4 orc wizards (D:5)
  A hound skeleton (D:4)
  Robin (D:2)
  8 adders
  2 oozes
  An adder skeleton (D:5)
  A worm (D:2)
  3 giant geckos
  9 orcs
  2 ball pythons
  3 bats
  5 giant cockroaches
  11 hobgoblins
  6 kobolds
  4 quokkas
  A giant gecko zombie (D:4)
  8 giant newts
  19 goblins
  A jackal skeleton (D:5)
  2 quokka skeletons
  8 rats
140 creatures vanquished.

Notes
Turn   | Place    | Note
--------------------------------------------------------------
     0 | D:1      | zero the Minotaur Berserker began the quest for the Orb.
     0 | D:1      | Reached XP level 1. HP: 19/19 MP: 0/0
    18 | D:1      | Reached skill level 4 in Axes
    90 | D:1      | Reached XP level 2. HP: 21/26 MP: 1/1
   712 | D:2      | Reached skill level 5 in Axes
   712 | D:2      | Reached XP level 3. HP: 13/31 MP: 2/2
  1091 | D:2      | Reached ** piety under Trog
  1160 | D:2      | Noticed Robin
  1173 | D:2      | Killed Robin
  1173 | D:2      | Reached XP level 4. HP: 37/39 MP: 3/3
  1175 | D:2      | Reached skill level 6 in Axes
  1849 | D:3      | Noticed M4edhros's ghost (weakling OpWn)
  1859 | D:3      | Killed M4edhros's ghost
  1859 | D:3      | Reached skill level 7 in Axes
  1859 | D:3      | Reached XP level 5. HP: 45/45 MP: 4/4
  1975 | D:3      | Noticed Terence
  1977 | D:3      | Reached *** piety under Trog
  1984 | D:3      | Killed Terence
  2077 | D:3      | Noticed a necrophage
  2088 | D:3      | Killed a necrophage
  2088 | D:3      | Reached skill level 8 in Axes
  2088 | D:3      | Reached XP level 6. HP: 51/51 MP: 5/5
  2245 | D:3      | Noticed Grinder
  2245 | D:3      | Paralysed by Grinder for 2 turns
  2249 | D:3      | Paralysed by Grinder for 7 turns
  2263 | D:3      | Paralysed by Grinder for 5 turns
  2276 | D:3      | Killed Grinder
  2276 | D:3      | Reached skill level 9 in Axes
  2523 | D:4      | Reached XP level 7. HP: 57/57 MP: 6/6
  2547 | D:4      | Found a shimmering altar of Xom.
  2815 | D:4      | Found Ufocen's Distillery.
  2887 | D:4      | Reached skill level 10 in Axes
  3385 | D:5      | Entered Level 5 of the Dungeon
  3403 | D:5      | Noticed Sigmund
  3415 | D:5      | Killed Sigmund
  3462 | D:5      | Reached skill level 11 in Axes
  3555 | D:5      | Noticed Edmund
  3573 | D:5      | Killed Edmund
  3573 | D:5      | Reached XP level 8. HP: 59/64 MP: 7/7
  3613 | D:5      | Found a shimmering altar of Xom.
  3784 | D:5      | Reached skill level 12 in Axes
  4093 | D:5      | Found a blossoming altar of Fedhas.
  4138 | D:5      | Noticed an oklob plant
  4294 | D:6      | Reached **** piety under Trog
  4294 | D:6      | Reached skill level 13 in Axes
  4450 | D:6      | Found a shadowy altar of Dithmenos.
  4613 | D:6      | Found a staircase to the Ecumenical Temple.
  4993 | D:6      | Reached XP level 9. HP: 70/70 MP: 8/8
  5139 | D:7      | Reached skill level 14 in Axes
  5834 | D:8      | Killed from afar by an orc warrior

Action                   |  1- 3 |  4- 6 |  7- 9 || total
-------------------------+-------+-------+-------++-------
Melee: Hand axe          |    74 |   113 |   160 ||   347
       War axe           |       |       |   107 ||   107
Invok: Berserk           |       |     4 |     4 ||     8
       Burn Spellbooks   |       |       |     1 ||     1
  Use: Scroll            |       |       |     7 ||     7
  Eat: Chunk             |     1 |    20 |     8 ||    29
       Fruit             |       |       |     2 ||     2
       Bread ration      |       |       |     1 ||     1
